PA
CALDWELL CHIEFS @ CHICAGO TULA
07/30/2042
 
TOP OF THE 1ST
Caldwell Chiefs batting - Pitching for Chicago Tula : LHP Horace Cope
Pitching: LHP Horace Cope
Batting: RHB Luis Miguel Monteblanco 0-0: Swinging Strike
0-1: Swinging Strike
0-2: Ball
1-2: Strikes out swinging
Batting: RHB Clark Curtis 0-0: Ball
1-0: Called Strike
1-1: Ball
2-1: DOUBLE (Line Drive, 5D, EV 103.8 MPH)
Batting: RHB Kane Felton 0-0: Ball
1-0: Ball
2-0: Ground out 6-3 (Groundball, 6, EV 88.1 MPH)
Batting: RHB Kuan Pi 0-0: Called Strike
0-1: Foul Ball, location: 2F
0-2: Foul Ball, location: 2F
0-2: Ball
1-2: Ball
2-2: Foul Ball, location: 2F
2-2: Ball
3-2: Fly out, F4 (Popup, 4, EV 78.1 MPH)
Top of the 1st over - 0 runs, 1 hit, 0 errors, 1 left on base; Caldwell 0 - Chicago 0
BOTTOM OF THE 1ST
Chicago Tula batting - Pitching for Caldwell Chiefs : RHP Donald Nexport
Pitching: RHP Donald Nexport
Batting: RHB Esteban Rojas 0-0: Ball
1-0: Ball
2-0: Ball
3-0: Foul Ball, location: 2F
3-1: Called Strike
3-2: Base on Balls
Batting: RHB Jeff Weber 0-0: Ball
1-0: Ball
Wild Pitch!
Esteban Rojas to second
2-0: Called Strike
2-1: Foul Ball, location: 2F
2-2: Foul Ball, location: 2F
2-2: Ball
3-2: Base on Balls
Batting: LHB Cisco Gracía 0-0: Called Strike
0-1: SINGLE (Line Drive, 4MD, EV 95.0 MPH)
Esteban Rojas to third
Jeff Weber to second
Batting: RHB Guillermo Dettori 0-0: Ball
1-0: Swinging Strike
1-1: Called Strike
1-2: Fielders Choice at 2nd, 6-4 (Groundball, 6S, EV 76.9 MPH)
Esteban Rojas scores
Jeff Weber to third
Batting: LHB Andrew Gray 0-0: Ball
1-0: Called Strike
1-1: Ball
2-1: Foul Ball, location: 2F
2-2: Strikes out swinging
Batting: RHB Terry Baker 0-0: Ball
1-0: Ball
2-0: Called Strike
2-1: Ball
3-1: Base on Balls
Guillermo Dettori to second
Batting: RHB Chad Brown 0-0: Ball
1-0: Ball
2-0: Called Strike
2-1: Called Strike
2-2: Strikes out swinging
Bottom of the 1st over - 1 run, 1 hit, 0 errors, 3 left on base; Caldwell 0 - Chicago 1
TOP OF THE 2ND
Caldwell Chiefs batting - Pitching for Chicago Tula : LHP Horace Cope
Batting: RHB Dan Babauta 0-0: Called Strike
0-1: Ball
1-1: Ball
2-1: DOUBLE (Line Drive, 7LM, EV 93.8 MPH)
Batting: SHB Da-xia Hui 0-0: Ball
1-0: Ground out 6-3 (Groundball, 6, EV 80.0 MPH)
Dan Babauta to third
Batting: LHB Bob Holmes 0-0: Called Strike
0-1: Foul Ball, location: 2F
0-2: Ball
1-2: Ball
2-2: Ball
3-2: Base on Balls
Batting: RHB Tim Garner 0-0: Ball
1-0: Fly out, F9 (Flyball, 89M, EV 89.4 MPH)
Batting: LHB Dan Webb 0-0: Ball
1-0: Ball
2-0: Foul Ball, location: 2F
2-1: Foul Ball, location: 2F
2-2: Foul Ball, location: 2F
2-2: Foul Ball, location: 2F
2-2: Ball
3-2: Foul Ball, location: 2F
3-2: Strikes out swinging
Top of the 2nd over - 0 runs, 1 hit, 0 errors, 2 left on base; Caldwell 0 - Chicago 1
BOTTOM OF THE 2ND
Chicago Tula batting - Pitching for Caldwell Chiefs : RHP Donald Nexport
Batting: LHB Bob Fisher 0-0: Foul Ball, location: 2F
0-1: Foul Ball, location: 2F
0-2: Foul Ball, location: 2F
0-2: Foul Ball, location: 2F
0-2: Ball
1-2: Ground out U3 (Groundball, 3L, EV 77.5 MPH)
Batting: RHB Joe Goff 0-0: Ball
1-0: Fly out, F8 (Line Drive, 8LD, EV 97.5 MPH)
Batting: RHB Esteban Rojas 0-0: Ball
1-0: Foul Ball, location: 2F
1-1: Ball
2-1: SINGLE (Groundball, 56D, EV 105.6 MPH)
Batting: RHB Jeff Weber 0-0: Called Strike
0-1: Foul Ball, location: 2F
0-2: Ball
1-2: Ball
2-2: Ball
3-2: Fly out, F8 (Flyball, 8LM, EV 91.2 MPH)
Bottom of the 2nd over - 0 runs, 1 hit, 0 errors, 1 left on base; Caldwell 0 - Chicago 1
TOP OF THE 3RD
Caldwell Chiefs batting - Pitching for Chicago Tula : LHP Horace Cope
Batting: RHB Luis Miguel Monteblanco 0-0: Ground out 4-3 (Groundball, 4, EV 83.8 MPH)
Batting: RHB Clark Curtis 0-0: Ball
1-0: Ball
2-0: Called Strike
2-1: Ball
3-1: Foul Ball, location: 2F
3-2: Foul Ball, location: 2F
3-2: Foul Ball, location: 2F
3-2: Base on Balls
Batting: RHB Kane Felton 0-0: Called Strike
0-1: SINGLE (Line Drive, 78S, EV 103.1 MPH)
Clark Curtis to second
Batting: RHB Kuan Pi 0-0: Swinging Strike
0-1: Ball
1-1: Foul Ball, location: 2F
1-2: Ball
2-2: Ball
3-2: Foul Ball, location: 2F
3-2: SINGLE (Groundball, 34D, EV 95.6 MPH)
Clark Curtis to third
Kane Felton to second
Runner from 3rd tries for Home, SAFE, throw by RF to home
Batting: RHB Dan Babauta 0-0: Ball
1-0: Ball
2-0: Ball
3-0: Base on Balls
Kane Felton to third
Kuan Pi to second
Batting: SHB Da-xia Hui 0-0: Called Strike
0-1: Ball
1-1: Foul Ball, location: 2F
1-2: Ball
2-2: Foul Ball, location: 2F
2-2: Fielders Choice at 2nd, 3-6 (Groundball, 3, EV 83.8 MPH)
Kane Felton scores
Kuan Pi to third
Batting: LHB Bob Holmes 0-0: Called Strike
0-1: Called Strike
0-2: Ball
1-2: Strikes out swinging
Top of the 3rd over - 2 runs, 2 hits, 0 errors, 2 left on base; Caldwell 2 - Chicago 1
BOTTOM OF THE 3RD
Chicago Tula batting - Pitching for Caldwell Chiefs : RHP Donald Nexport
Batting: LHB Cisco Gracía 0-0: Ground out U3 (Groundball, 3, EV 105.6 MPH)
Batting: RHB Guillermo Dettori 0-0: Ball
1-0: Swinging Strike
1-1: Ball
2-1: Ball
3-1: Base on Balls
Batting: LHB Andrew Gray 0-0: Ball
1-0: Fly out, F9 (Flyball, 9S, EV 83.1 MPH)
Batting: RHB Terry Baker 0-0: Ball
1-0: Fly out, F8 (Flyball, 8LD, EV 104.4 MPH)
Bottom of the 3rd over - 0 runs, 0 hits, 0 errors, 1 left on base; Caldwell 2 - Chicago 1
TOP OF THE 4TH
Caldwell Chiefs batting - Pitching for Chicago Tula : LHP Horace Cope
Batting: RHB Tim Garner 0-0: Ball
1-0: Ball
2-0: Called Strike
2-1: Foul Ball, location: 2F
2-2: Ball
3-2: Base on Balls
Batting: LHB Dan Webb 0-0: Fly out, F8 (Flyball, 8RM, EV 93.8 MPH)
Batting: RHB Luis Miguel Monteblanco 0-0: Called Strike
0-1: Foul Ball, location: 2F
0-2: Fielders Choice at 2nd, 3-6 (Groundball, 3, EV 101.9 MPH)
Batting: RHB Clark Curtis 0-0: Ball
1-0: Swinging Strike
1-1: Ball
2-1: Swinging Strike
2-2: Strikes out swinging
Top of the 4th over - 0 runs, 0 hits, 0 errors, 1 left on base; Caldwell 2 - Chicago 1
BOTTOM OF THE 4TH
Chicago Tula batting - Pitching for Caldwell Chiefs : RHP Donald Nexport
Batting: RHB Chad Brown 0-0: Ball
1-0: Ground out 1-3 (Groundball, P, EV 84.4 MPH)
Batting: LHB Bob Fisher 0-0: Ball
1-0: Ball
2-0: Ground out 5-3 (Groundball, 56, EV 78.8 MPH)
Batting: RHB Joe Goff 0-0: SINGLE (Groundball, 6D, EV 108.1 MPH)
Batting: RHB Esteban Rojas 0-0: Called Strike
Joe Goff is caught stealing 2nd base 2-4
Bottom of the 4th over - 0 runs, 1 hit, 0 errors, 0 left on base; Caldwell 2 - Chicago 1
TOP OF THE 5TH
Caldwell Chiefs batting - Pitching for Chicago Tula : LHP Horace Cope
Batting: RHB Kane Felton 0-0: Ball
1-0: Called Strike
1-1: SINGLE (Line Drive, 7S, EV 95.0 MPH)
Batting: RHB Kuan Pi 0-0: Called Strike
0-1: Fly out, F7 (Flyball, 78M, EV 94.4 MPH)
Batting: RHB Dan Babauta 0-0: Foul Ball, location: 2F
0-1: Ball
1-1: Grounds into double play, 4-6-3 (Groundball, 4, EV 81.9 MPH)
Top of the 5th over - 0 runs, 1 hit, 0 errors, 0 left on base; Caldwell 2 - Chicago 1
BOTTOM OF THE 5TH
Chicago Tula batting - Pitching for Caldwell Chiefs : RHP Donald Nexport
Pitching: LHP Jim Nasium
Batting: RHB Esteban Rojas 0-0: Ball
1-0: Ball
2-0: Called Strike
2-1: Swinging Strike
2-2: Ball
3-2: Foul Ball, location: 2F
3-2: Ground out 5-3 (Groundball, 56, EV 83.8 MPH)
Batting: RHB Jeff Weber 0-0: Called Strike
0-1: Foul Ball, location: 2F
0-2: Foul Ball, location: 2F
0-2: Foul Ball, location: 2F
0-2: Strikes out swinging
Batting: LHB Cisco Gracía 0-0: Called Strike
0-1: Ground out 4-3 (Groundball, 4M, EV 85.0 MPH)
Bottom of the 5th over - 0 runs, 0 hits, 0 errors, 0 left on base; Caldwell 2 - Chicago 1
TOP OF THE 6TH
Caldwell Chiefs batting - Pitching for Chicago Tula : LHP Horace Cope
Pitching: RHP Sekien Saromi
Batting: SHB Da-xia Hui 0-0: SINGLE (Groundball, 34D, EV 98.8 MPH)
Batting: LHB Bob Holmes 0-0: Swinging Strike
0-1: Ball
Da-xia Hui steals 2nd base
1-1: Ball
2-1: Ball
3-1: Foul Ball, location: 2F
3-2: Foul Ball, location: 2F
3-2: Base on Balls
Batting: RHB Tim Garner 0-0: Called Strike
0-1: Ball
1-1: Ball
2-1: SINGLE (Groundball, 56D, EV 99.4 MPH)
Da-xia Hui to third
Bob Holmes to second
Batting: LHB Dan Webb 0-0: Ball
1-0: Called Strike
1-1: Swinging Strike
1-2: Strikes out looking
Batting: RHB Luis Miguel Monteblanco 0-0: Called Strike
0-1: Ball
1-1: Ball
2-1: Ball
3-1: Base on Balls
Da-xia Hui scores
Bob Holmes to third
Tim Garner to second
Batting: RHB Clark Curtis 0-0: Called Strike
0-1: Swinging Strike
0-2: SINGLE (Groundball, 56, EV 84.4 MPH) (infield hit)
Bob Holmes scores
Tim Garner to third
Luis Miguel Monteblanco to second
Batting: RHB Kane Felton 0-0: Ball
1-0: DOUBLE (Line Drive, 3D, EV 95.0 MPH)
Tim Garner scores
Luis Miguel Monteblanco scores
Clark Curtis to third
Pitching: LHP Jonathan Young
Batting: RHB Kuan Pi 0-0: Ball
1-0: Swinging Strike
1-1: Swinging Strike
1-2: Ball
2-2: Ball
3-2: Base on Balls
Batting: RHB Dan Babauta 0-0: Ball
1-0: Fly out, F9 (Flyball, 89D, EV 101.2 MPH)
Runner from 3rd tags up, SCORES, throw by RF
Kane Felton to third
Batting: SHB Da-xia Hui 0-0: Ball
1-0: Called Strike
1-1: Ball
2-1: Fly out, F9 (Flyball, 9, EV 95.6 MPH)
Top of the 6th over - 5 runs, 4 hits, 0 errors, 2 left on base; Caldwell 7 - Chicago 1
BOTTOM OF THE 6TH
Chicago Tula batting - Pitching for Caldwell Chiefs : LHP Jim Nasium
Batting: RHB Guillermo Dettori 0-0: SINGLE (Line Drive, 7S, EV 98.1 MPH)
Batting: LHB Andrew Gray 0-0: Foul Ball, location: 2F
0-1: Swinging Strike
0-2: Strikes out swinging
Batting: RHB Terry Baker 0-0: Ball
1-0: Foul Ball, location: 2F
1-1: Ball
2-1: Swinging Strike
2-2: Foul Ball, location: 2F
2-2: Fielders Choice at 2nd, 6-4 (Groundball, 6D, EV 89.4 MPH)
Batting: RHB Chad Brown 0-0: Foul Ball, location: 2F
0-1: Ball
1-1: Foul Ball, location: 2F
1-2: Ball
2-2: SINGLE (Groundball, 4MD, EV 94.4 MPH)
Terry Baker to second
Runner from 2nd tries for 3rd, SAFE, throw by CF made to third
Batting: LHB Bob Fisher 0-0: Called Strike
0-1: Swinging Strike
0-2: Strikes out swinging
Bottom of the 6th over - 0 runs, 2 hits, 0 errors, 2 left on base; Caldwell 7 - Chicago 1
TOP OF THE 7TH
Caldwell Chiefs batting - Pitching for Chicago Tula : LHP Jonathan Young
Batting: LHB Bob Holmes 0-0: Ball
1-0: Ball
2-0: Foul Ball, location: 2F
2-1: Called Strike
2-2: Ball
3-2: Base on Balls
Batting: RHB Tim Garner 0-0: Fly out, F8 (Flyball, 8LM, EV 92.5 MPH)
Batting: LHB Dan Webb 0-0: Ball
1-0: Ball
2-0: Ball
3-0: Foul Ball, location: 2F
3-1: Base on Balls
Bob Holmes to second
Batting: RHB Luis Miguel Monteblanco 0-0: Ball
1-0: Fielders Choice at 2nd, 1-6 (Groundball, 13S, EV 69.4 MPH)
Bob Holmes to third
Batting: RHB Clark Curtis 0-0: Ball
1-0: Called Strike
1-1: SINGLE (Line Drive, 5D, EV 94.4 MPH)
Bob Holmes scores
Luis Miguel Monteblanco to second
Batting: RHB Kane Felton 0-0: Ball
1-0: Ball
2-0: Fly out, F4 (Popup, 34S, EV 81.9 MPH)
Top of the 7th over - 1 run, 1 hit, 0 errors, 2 left on base; Caldwell 8 - Chicago 1
BOTTOM OF THE 7TH
Chicago Tula batting - Pitching for Caldwell Chiefs : LHP Jim Nasium
Batting: RHB Joe Goff 0-0: SINGLE (Groundball, 56S, EV 71.9 MPH) (infield hit)
Pitching: RHP Warren Cully
Batting: RHB Esteban Rojas 0-0: Called Strike
0-1: Ball
1-1: Swinging Strike
1-2: Ball
2-2: Ball
3-2: Strikes out swinging
Batting: RHB Jeff Weber 0-0: Foul Ball, location: 2F
0-1: Fielders Choice at 2nd, 1-6 (Groundball, 13S, EV 74.4 MPH)
Batting: LHB Cisco Gracía 0-0: Swinging Strike
0-1: Ball
Wild Pitch!
Jeff Weber to second
1-1: Fly out, F9 (Line Drive, 9S, EV 95.6 MPH)
Bottom of the 7th over - 0 runs, 1 hit, 0 errors, 1 left on base; Caldwell 8 - Chicago 1
TOP OF THE 8TH
Caldwell Chiefs batting - Pitching for Chicago Tula : LHP Jonathan Young
Batting: RHB Kuan Pi 0-0: Fly out, F8 (Flyball, 8RM, EV 80.0 MPH)
Batting: RHB Dan Babauta 0-0: Foul Ball, location: 2F
0-1: Ball
1-1: Foul Ball, location: 2F
1-2: Ball
2-2: Ball
3-2: Strikes out swinging, 2-3 out at first.
Batting: SHB Da-xia Hui 0-0: Ball
1-0: Foul Ball, location: 2F
1-1: Foul Ball, location: 2F
1-2: Ground out 6-3 (Groundball, 6, EV 85.0 MPH)
Top of the 8th over - 0 runs, 0 hits, 0 errors, 0 left on base; Caldwell 8 - Chicago 1
BOTTOM OF THE 8TH
Chicago Tula batting - Pitching for Caldwell Chiefs : RHP Warren Cully
Batting: RHB Guillermo Dettori 0-0: Ball
1-0: Foul Ball, location: 2F
1-1: Foul Ball, location: 2F
1-2: SINGLE (Line Drive, 7S, EV 89.4 MPH)
Batting: LHB Andrew Gray 0-0: Called Strike
0-1: Ball
1-1: 2-RUN HOME RUN (Flyball, 9D, EV 89.4 MPH), Distance : 364 ft
Batting: RHB Terry Baker 0-0: Foul Ball, location: 2F
0-1: SINGLE (Flyball, 8LS, EV 86.9 MPH)
Batting: RHB Chad Brown 0-0: Swinging Strike
0-1: Swinging Strike
0-2: Ball
1-2: Strikes out looking
Batting: LHB Bob Fisher 0-0: Swinging Strike
0-1: Ground out 6-3 (Groundball, 6MS, EV 64.4 MPH)
Terry Baker to second
Batting: RHB Joe Goff 0-0: Foul Ball, location: 2F
0-1: Hit by Pitch
Pinch Runner at 1st John Montgomery:
Batting: RHB Esteban Rojas 0-0: Ball
1-0: Called Strike
1-1: SINGLE (Groundball, 56D, EV 102.5 MPH)
Terry Baker to third
John Montgomery to second
Runner from 3rd tries for Home, SAFE, throw by LF to home
Pitching: RHP Ari Schaller
Batting: RHB Jeff Weber 0-0: Swinging Strike
0-1: Ball
1-1: Swinging Strike
1-2: Strikes out swinging, 2-3 out at first.
Bottom of the 8th over - 3 runs, 4 hits, 0 errors, 2 left on base; Caldwell 8 - Chicago 4
TOP OF THE 9TH
Caldwell Chiefs batting - Pitching for Chicago Tula : LHP Jonathan Young
Now in RF: Rafael Mora
Batting: LHB Bob Holmes 0-0: Called Strike
0-1: Ball
1-1: SINGLE (Groundball, 34D, EV 105.6 MPH)
Pitching: LHP Peter Bradley
Batting: RHB Tim Garner 0-0: Ball
1-0: Called Strike
1-1: Ball
2-1: Called Strike
2-2: Ball
3-2: Base on Balls
Bob Holmes to second
Batting: LHB Dan Webb 0-0: Called Strike
0-1: Ball
1-1: Ball
2-1: Swinging Strike
2-2: Foul Ball, location: 2F
2-2: Strikes out swinging
Batting: RHB Luis Miguel Monteblanco 0-0: Called Strike
0-1: Called Strike
0-2: Ball
1-2: Fielders Choice at 2nd, 6-4 (Groundball, 6, EV 80.0 MPH)
Bob Holmes to third
Batting: RHB Clark Curtis 0-0: Called Strike
0-1: Called Strike
0-2: Ball
1-2: Ball
2-2: Ground out 1-3 (Groundball, 13S, EV 64.4 MPH)
Top of the 9th over - 0 runs, 1 hit, 0 errors, 2 left on base; Caldwell 8 - Chicago 4
BOTTOM OF THE 9TH
Chicago Tula batting - Pitching for Caldwell Chiefs : RHP Ari Schaller
Batting: LHB Cisco Gracía 0-0: Foul Ball, location: 2F
0-1: Ball
1-1: Ball
2-1: Ball
3-1: Called Strike
3-2: Strikes out swinging
Batting: RHB Guillermo Dettori 0-0: Foul Ball, location: 2F
0-1: Ball
1-1: Swinging Strike
1-2: Strikes out swinging
Batting: LHB Andrew Gray 0-0: Ball
1-0: Called Strike
1-1: Foul Ball, location: 2F
1-2: Strikes out swinging
Bottom of the 9th over - 0 runs, 0 hits, 0 errors, 0 left on base; Caldwell 8 - Chicago 4
Friday, March 26th, 2021 - OOTP Baseball 20.8 Build 74